 Seeded DCSS version 0.28-a0-1555-g9ae15a6949 (webtiles) character file.

Game seed: 97 (custom seed)

528 knot the Chopper (level 7, 45/52 HPs)
             Began as a Demonspawn Berserker on Jan 19, 2022.
             Was a Believer of Trog.
             Quit the game on level 5 of the Dungeon.
             The game lasted 00:06:01 (3908 turns).

knot the Chopper (Demonspawn Berserker)             Turns: 3908, Time: 00:06:02

Health: 45/52      AC: 11    Str: 17    XL:     7   Next: 3%
Magic:  7/7        EV: 15    Int: 10    God:    Trog [**....]
Gold:   171        SH:  0    Dex: 13    Spells: 6/6 levels left

rFire   + . .      SeeInvis .   a - +1 hand axe
rCold   . . .      Faith    .   (no shield)
rNeg    . . .      Spirit   .   h - +0 ring mail
rPois   .          Reflect  .   (no helmet)
rElec   .          Harm     .   x - +0 cloak
rCorr   .          Rampage  .   k - +2 pair of gloves
Will    .....                   E - +1 pair of boots
Stlth   +.........              j - amulet of magic regeneration
HPRegen 0.17/turn               f - +4 ring of evasion
MPRegen 0.60/turn               l - ring of protection from fire

@: no status effects
A: claws 2, spiny 1, magic regeneration
a: Renounce Religion, Berserk, Trog's Hand


You were on level 5 of the Dungeon.
You worshipped Trog.
Trog was pleased with you.
You visited 1 branch of the dungeon, and saw 5 of its levels.

You collected 171 gold pieces.

Inventory:

Hand Weapons
 a - a +1 hand axe (weapon)
Missiles
 c - 2 boomerangs
 d - 86 stones
 t - 3 poisoned darts (quivered)
 v - 19 sling bullets
Armour
 h - a +0 ring mail (worn)
 k - a +2 pair of gloves (worn)
 x - a +0 cloak (worn)
 E - a +1 pair of boots (worn)
Jewellery
 f - a +4 ring of evasion (left hand)
 j - an amulet of magic regeneration (around neck)
 l - a ring of protection from fire (right hand)
Wands
 y - a wand of charming (2)
 C - a wand of mindburst (15)
Scrolls
 e - 3 scrolls of magic mapping
 g - 2 scrolls of amnesia
 n - 2 scrolls of identify
 p - a scroll of vulnerability {unknown}
 u - 2 scrolls of brand weapon {unknown}
 D - a scroll of summoning {unknown}
Potions
 m - a potion of ambrosia {unknown}
 o - 3 potions of flight {unknown}
 q - a potion of cancellation
 z - a potion of brilliance {unknown}
 A - a potion of lignification {unknown}
 B - a potion of haste {unknown}


   Skills:
 - Level 3.0 Fighting
 + Level 7.3 Axes
 - Level 1.7 Armour
 - Level 1.7 Dodging


You had 6 spell levels left.
You didn't know any spells.
Your spell library was empty.

Dungeon Overview and Level Annotations

Branches:
Dungeon (5/15)             Temple (0/1) D:4

Altars:
Cheibriados
Hepliaklqana
Uskayaw
Wu Jian

Shops:
D:1 (


Innate Abilities, Weirdness & Mutations

You have very sharp fingernails.
You are partially covered in sharp spines.
You regenerate magic rapidly.


Message History

The orc wizard hits you but does no damage.
You hit the orc wizard.
The orc wizard is severely wounded.
You feel less confused. The orc wizard casts a spell at you.
You resist with some effort.
You slash the orc wizard!
You kill the orc wizard!
Trog accepts your kill.
Trog appreciates your killing of a magic user.
The orc wizard gestures wildly while chanting.
The orc wizard flickers and vanishes!
You hear some strange, mumbled words.
A magic dart appears from out of thin air!
The magic dart hits you but does no damage.
Things that are here:
a +0 dagger; a +0 robe You miss something.
Something hits you but does no damage.
You closely miss something. Something barely misses you.
You barely miss something. Your punch misses something.
Something hits you but does no damage.
You hit something but do no damage. Something hits you but does no damage.
You closely miss something.
You hear some strange, mumbled words.
Something tries to affect you, but you resist.
You miss something. Something hits you.
You barely miss something. Something hits you but does no damage.
You barely miss something. Something barely misses you.
You slash something! You miss something. You punch something.
Trog accepts your kill.
Trog appreciates your killing of a magic user.
Reactivating autopickup.
You feel a bit more experienced.
You have reached level 7!
Your demonic ancestry asserts itself...
Sharp spines emerge from parts of your body.
Things that are here:
a +0 dagger; a +0 robe Are you sure you want to abandon this character and quit the game? (Confirm with "yes".)

#....$..# ####.##
****######### #o#
,,,,,,,*
############# #.#
,,,,,,,*
#...........# #.#
,,,,,,,****
#.#########.# #h#
,,,,,,,,,,* #.# #.#
#o# ,,*,,,***,* #.#
#.# #.# ,,+,,,*
*,######.# #.###.#
***,,,* *,#....)@#
#..oh.# *,,**
*,#.###### #######
*,,* *,*,*
***,,****,*,*******
,,,,,,,,,,*,,,,,,,*
****,,***********,*
,,,*,,,,,,,,,,,**,*
,,,,,,********,**,*
*****,,,*,,,,,,**,*


There were no monsters in sight!

Vanquished Creatures
  A necrophage (D:5)
  A phantom (D:5)
  A scorpion (D:5)
  A hound (D:5)
  Crazy Yiuf (D:3)
  2 orc wizards (D:5)
  A hound zombie (D:5)
  2 hound skeletons (D:4)
  4 gnolls (D:3)
  3 adders
  An adder skeleton (D:3)
  3 worms
  3 dart slugs
  6 bats
  8 endoplasms
  5 giant cockroaches
  7 goblins
  9 hobgoblins
  6 kobolds
  4 ball pythons
  4 frilled lizards
  5 rats
78 creatures vanquished.

Vanquished Creatures (others)
  An orc (D:5)
1 creature vanquished.

Grand Total: 79 creatures vanquished

Notes
Turn   | Place    | Note
-------+----------+-------------------------------------------
     0 | D:1      | knot the Demonspawn Berserker began the quest for the Orb.
     0 | D:1      | Reached XP level 1. HP: 18/18 MP: 1/1
    80 | D:1      | Reached skill level 3 in Axes
   133 | D:1      | Found a faded altar of an unknown god.
   147 | D:1      | Gained mutation: You regenerate magic rapidly. [demonic
                  | ancestry]
   147 | D:1      | Reached XP level 2. HP: 24/24 MP: 2/2
   431 | D:1      | Found Aseuwk's Antique Weapon Shop.
  1122 | D:2      | Reached XP level 3. HP: 29/29 MP: 3/3
  1123 | D:2      | Reached ** piety under Trog
  1268 | D:2      | Reached skill level 4 in Axes
  1312 | D:2      | Found an ornate altar of the Wu Jian Council.
  1812 | D:3      | Gained mutation: You have sharp fingernails. [demonic
                  | ancestry]
  1812 | D:3      | Reached XP level 4. HP: 35/35 MP: 4/4
  2165 | D:3      | Reached skill level 5 in Axes
  2167 | D:3      | Found a hazy altar of Hepliaklqana.
  2170 | D:3      | Found a snail-covered altar of Cheibriados.
  2377 | D:3      | Found a hide-covered altar of Uskayaw.
  2693 | D:3      | Found a runed translucent door.
  2694 | D:3      | Noticed Crazy Yiuf
  2860 | D:3      | Killed Crazy Yiuf
  2861 | D:3      | Reached XP level 5. HP: 41/41 MP: 5/5
  3104 | D:4      | Found a staircase to the Ecumenical Temple.
  3728 | D:5      | Entered Level 5 of the Dungeon
  3734 | D:5      | Noticed a sky beast
  3734 | D:5      | Noticed a phantom
  3737 | D:5      | Noticed an ogre
  3772 | D:5      | Noticed a necrophage
  3781 | D:5      | Killed a phantom
  3782 | D:5      | Reached skill level 6 in Axes
  3782 | D:5      | Gained mutation: You have very sharp fingernails. [demonic
                  | ancestry]
  3782 | D:5      | Reached XP level 6. HP: 47/47 MP: 6/6
  3838 | D:5      | Reached skill level 7 in Axes
  3907 | D:5      | Gained mutation: You are partially covered in sharp spines.
                  | [demonic ancestry]
  3907 | D:5      | Reached XP level 7. HP: 45/52 MP: 7/7
  3908 | D:5      | Quit the game

Illustrated notes

Levels and vault maps discovered:
D:1:      matt_arrival_los_fun, layout_loops_ring, serial_shops,
          nicolae_shop_advertising_works [nicolae_subvault_shop_adworks],
          hellmonk_ecumenical_altar_zigzags, corner_web_ring,
          skrybe_limestone_x, lemuel_old_faithful
D:2:      layout_rooms, basic_altar
D:3:      layout_basic, mainiacjoe_overflow_24_doors,
          mainiacjoe_overflow_catwalk_spiral, serial_forest,
          infiniplex_forest_straight_5, infiniplex_forest_lined_ring,
          infiniplex_forest_straight_1, infiniplex_forest_straight_2,
          infiniplex_forest_lined_ring, uniq_crazy_yiuf_cottage
D:4:      layout_rooms, minmay_temple_entry_hall, minmay_crossroads
D:5:      layout_basic, gammafunk_ghost_smash, gup_ossuary_entry_pyramid,
          minmay_starry_boxes

Skill      XL: |  1  2  3  4  5  6 |
---------------+-------------------+-----
Axes           | 3 4 5 6 7 |  7.3
Fighting       | |  3.0
Armour         | |  1.7
Dodging        | |  1.7

Action                   |  1- 3 |  4- 6 |  7- 9 || total
-------------------------+-------+-------+-------++-------
Melee: Hand axe          |   126 |   143 |       ||   269
       Punch             |     4 |     2 |       ||     6
Throw: Boomerang         |     3 |       |       ||     3
       Dart              |       |     3 |       ||     3
Invok: Berserk           |     1 |     3 |       ||     4
       Trog's Hand       |       |     1 |       ||     1
Evoke: Wand              |       |     2 |       ||     2
  Use: Scroll            |       |     8 |       ||     8
 Stab: Sleeping          |     1 |       |       ||     1
Armor: Animal skin       |     7 |       |       ||     7
       Ring mail         |    34 |    52 |       ||    86
Dodge: Dodged            |   103 |   119 |       ||   222

Table legend: (Time is in decaauts)
 A = Elapsed time spent in this place.
 B = Non-inter-level travel time spent in this place.
 C = Inter-level travel time spent in this place.
 D = Time resting spent in this place.
 E = Time spent auto-exploring this place.
 F = Levels seen in this place.
 G = Mean time per level.
                   A        B        C        D        E       F      G
               +--------+--------+--------+--------+--------+-----+--------+
         Total |   3954 |   3828 |    126 |    356 |   2684 |   5 |  790.8 |
       Dungeon |   3954 |   3828 |    126 |    356 |   2684 |   5 |  790.8 |
               +--------+--------+--------+--------+--------+-----+--------+

Top non-repeatable levels by time:
     D:3: 1309 daAuts
     D:1: 1126 daAuts
     D:4: 710 daAuts
     D:2: 623 daAuts
     D:5: 185 daAuts
